 Dungeon Crawl Stone Soup version 0.18-a0-1044-g2bb894f (webtiles) character file.

157 Kristof the Skirmisher (level 5, -1/47 HPs)
             Began as a Minotaur Fighter on Jan 11, 2016.
             Slain by an orc wizard
             ... wielding a +2 dagger of electrocution
              (8 damage)
             ... on level 4 of the Dungeon.
             The game lasted 00:06:01 (2555 turns).

Kristof the Skirmisher (Minotaur Fighter)           Turns: 2555, Time: 00:06:01

Health: -1/47      AC:  7    Str: 26    XL:     5   Next: 15%
Magic:  4/4        EV:  8    Int:  5    God:
Gold:   121        SH: 10    Dex: 10    Spells: 0 memorised, 4 levels left

rFire  . . .     SeeInvis .     a - +0 war axe
rCold  . . .     Gourm    .     b - +0 scale mail
rNeg   . . .     Faith    .     c - +0 shield
rPois  .         Spirit   .     (helmet restricted)
rElec  .         Dismiss  .     (no cloak)
rCorr  .         Reflect  .     (no gloves)
SustAt .         Harm     .     (no boots)
MR     .....                    (no amulet)
Stlth  ..........               (no ring)
                                (no ring)

@: mighty, not resistant to hostile enchantments, extremely unstealthy
A: retaliatory headbutt, horns 2
a: no special abilities


You were on level 4 of the Dungeon.
You were not hungry.

You visited 1 branch of the dungeon, and saw 4 of its levels.

You collected 121 gold pieces.

Inventory:

Hand Weapons
 a - a +0 war axe (weapon)
 p - a +0 spear of piercing
Armour
 b - a +0 scale mail (worn)
 c - a +0 shield (worn)
 o - a +0 plate armour
Scrolls
 e - a scroll of immolation {unknown}
 g - a scroll of amnesia {unknown}
 h - 2 scrolls of noise {unknown}
 i - a scroll of enchant armour {unknown}
 l - a scroll of remove curse {unknown}
 n - 5 scrolls of identify {unknown}
Potions
 d - 2 potions of might
 q - a potion of agility {unknown}
 r - a potion of haste {unknown}
Comestibles
 f - 4 bread rations
 j - 3 chunks of flesh
 k - 2 meat rations
 m - a beef jerky


   Skills:
 + Level 4.4 Fighting
 * Level 3.7 Axes
 + Level 4.4 Armour
 + Level 2.1 Dodging
 + Level 4.3 Shields
 + Level 0.2 Spellcasting


You had 4 spell levels left.
You didn't know any spells.

Dungeon Overview and Level Annotations

Branches:
Dungeon (4/15)
 Temple: D:4-7

Altars:
Trog


Innate Abilities, Weirdness & Mutations

You reflexively headbutt those who attack you in melee.
You have a pair of horns on your head.


Message History

You block the orc's attack. You block the orc wizard's attack.
The orc wizard hits you with a dagger of electrocution.
* * * LOW HITPOINT WARNING * * *
The orc hits you but does no damage.
The orc hits you from afar with a trident of freezing.
* * * LOW HITPOINT WARNING * * *
The orc freezes you.
* * * LOW HITPOINT WARNING * * *
An ogre comes into view. It is wielding a giant club.
You are too injured to fight recklessly!
Unknown command.
You are too injured to fight recklessly!
Unknown command.
Unknown command.
Drink which item? (? for menu, Esc to quit)
You feel very mighty all of a sudden.
The ogre shouts!
The orc wizard hits you but does no damage. x2
You are electrocuted!
You die...

### ...#
#..#########
#./.......#
#.........#
#.....o..####
#...o@oo....#
#...<.o..##..
#.######o># #
.?.# ... .O .


You could see an ogre, 2 orc wizards and 4 orcs.

Vanquished Creatures
  A worker ant (D:3)
  Robin (D:3)
  3 adders (D:3)
  2 oozes
  2 worms (D:2)
  3 giant geckos
  An orc (D:4)
  5 ball pythons (D:3)
  3 giant cockroaches
  15 goblins
  10 hobgoblins
  2 jackals (D:3)
  A quokka (D:3)
  5 bats
  3 giant newts
  10 kobolds
  7 rats
74 creatures vanquished.

Notes
Turn   | Place    | Note
--------------------------------------------------------------
     0 | D:1      | Kristof the Minotaur Fighter began the quest for the Orb.
     0 | D:1      | Reached XP level 1. HP: 19/19 MP: 0/0
     7 | D:1      | Noticed a minotaur skeleton
   360 | D:1      | Reached XP level 2. HP: 27/27 MP: 1/1
   374 | D:1      | Reached skill level 1 in Dodging
   777 | D:2      | Reached skill level 4 in Shields
   807 | D:2      | Reached XP level 3. HP: 33/33 MP: 2/2
   992 | D:2      | Found a bloodstained altar of Trog.
  1482 | D:3      | Noticed Robin
  1486 | D:3      | Reached XP level 4. HP: 35/40 MP: 3/3
  1496 | D:3      | Killed Robin
  2136 | D:3      | Reached XP level 5. HP: 37/47 MP: 4/4
  2555 | D:4      | Noticed an ogre
  2555 | D:4      | Slain by an orc wizard

Vault maps used:
D:1:      shiori_arrival_whats_in_store_for_you
D:2:      bloody_trog, first_bread
D:3:      hangedman_decor_growths, minmay_shallow_snake_nest, uniq_robin
D:4:      minmay_opposing_rooms, lemuel_temple_firewalk_marked

Action                   |  1- 3 |  4- 6 || total
-------------------------+-------+-------++-------
Melee: War axe           |    81 |    78 ||   159
  Use: Potion            |     2 |     1 ||     3
  Eat: Chunk             |     2 |     3 ||     5
